 Dungeon Crawl Stone Soup version 0.23.2-40-g277498a001 (webtiles) character file.

Game seed: 11536684188244296822

4530 Curus the Spear-Bearer (level 10, 0/77 HPs)
             Began as a Merfolk Abyssal Knight on Oct 21, 2019.
             Was an Elder of Lugonu.
             Killed from afar by an electric eel (13 damage)
             ... with a bolt of electricity
             ... on level 1 of the Lair of Beasts.
             The game lasted 00:33:26 (8831 turns).

Curus the Spear-Bearer (Merfolk Abyssal Knight)     Turns: 8831, Time: 00:33:26

Health: 0/77       AC: 11    Str: 16    XL:     10   Next: 39%
Magic:  17/17      EV: 20    Int: 11    God:    Lugonu [****..]
Gold:   719        SH:  5    Dex: 20    Spells: 9/9 levels left

rFire    + + .     SeeInvis .   x - +0 trident (elec)
rCold    + . .     Gourm    .   (no shield)
rNeg     . . .     Faith    .   b - +1 leather armour
rPois    .         Spirit   .   t - +1 helmet
rElec    .         Reflect  +   s - scarf {rC+ rF+}
rCorr    .         Harm     .   v - +1 pair of gloves
MR       .....                  (boots currently unavailable)
Stlth    +++.......             u - +5 amulet of reflection
HPRegen  0.22/turn              d - +3 ring of dexterity
MPRegen  0.15/turn              e - +3 ring of strength

@: very quick
A: change form in water, swift swim, stealthy swim, icy blue scales 1, rugged
brown scales 1, fire resistance 1, MP-powered wands
a: Depart the Abyss, Bend Space, Banish, Corrupt, Renounce Religion


You were on level 1 of the Lair of Beasts.
You worshipped Lugonu.
Lugonu was greatly pleased with you.
You were hungry.

You visited 2 branches of the dungeon, and saw 9 of its levels.
You visited the Abyss 1 time.
You also visited: Ossuary.

You collected 719 gold pieces.

Inventory:

Hand Weapons
 a - a +3 spear
 x - a +0 trident of electrocution (weapon)
 z - a +3 vampiric spear
Armour
 b - a +1 leather armour (worn)
 g - a +0 ring mail
 s - a scarf of resistance (worn)
 t - a +1 helmet (worn)
 v - a +1 pair of gloves (worn)
Jewellery
 d - a +3 ring of dexterity (left hand)
 e - a +3 ring of strength (right hand)
 f - an uncursed ring of magical power
 u - a +5 amulet of reflection (around neck)
 w - a +2 ring of strength
Wands
 k - a wand of acid (3)
 q - a wand of iceblast (14)
 r - a wand of flame (45)
 A - a wand of random effects (26)
 E - a wand of scattershot (6)
Scrolls
 h - 10 scrolls of identify
 i - 6 scrolls of teleportation
 j - 3 scrolls of magic mapping
 p - 9 scrolls of remove curse
 y - a scroll of blinking
 F - a scroll of fog
Potions
 l - 3 potions of brilliance
 m - 4 potions of heal wounds
 n - a potion of cancellation
 o - 3 potions of haste
 B - a potion of ambrosia
 C - a potion of flight
 D - a potion of curing
Miscellaneous
 G - a sack of spiders
Comestibles
 c - 19 rations


   Skills:
 + Level 5.6 Fighting
 - Level 13.7 Polearms
 - Level 0.6 Armour
 + Level 6.0 Dodging
 - Level 10.4 Invocations


You had 9 spell levels left.
You didn't know any spells.
Your spell library was empty.

Dungeon Overview and Level Annotations

Branches:
Dungeon (8/15)             Temple (0/1) D:6            Lair (1/6) D:8

Altars:
Dithmenos
Elyvilon
Ru
Sif Muna
Trog


Innate Abilities, Weirdness & Mutations

You revert to your normal form in water You are very nimble and swift while swimming.
You are very stealthy in the water. (Stealth+)
You are partially covered in icy blue scales. (AC +2)
You are partially covered in rugged brown scales. (AC +1, +3% HP)
Your flesh is heat resistant. (rF+)
You expend magic power (3 MP) to strengthen your wands.


Message History

You hear the rapid rumble of an avalanche of rocks nearby.
An electric eel comes into view.
Found 26 bolts.
You see here a potion of heal wounds.
m - 4 potions of heal wounds (gained 1)
The electric eel shoots out a bolt of lightning at you!
The bolt of electricity hits you!
The electric eel shoots out a bolt of lightning at you!
The bolt of electricity hits you.
The electric eel shoots out a bolt of lightning at you!
The bolt of electricity hits you!
* * * LOW HITPOINT WARNING * * *
Your legs become a tail as you enter the water.
You hit the electric eel.
Your tail-slap misses the electric eel.
The electric eel is lightly wounded.
You closely miss the electric eel.
The electric eel is lightly wounded.
The electric eel shoots out a bolt of lightning at you!
The bolt of electricity hits you!
You die...

##.8.#...........
...........
#...............#
...........
+..8.8......#...#
...........
#.....#.........##
.....≈≈≈≈..
##.8..............
....≈≈≈≈≈..
#####.......≈≈≈≈.#
#..≈≈≈≈≈≈.. ##........≈♣♣
.# #..≈≈≈≈≈≈..
#.........≈♣♣≈(#
#.≈≈≈≈≈≈÷..
##........≈@;≈.#
..≈≈≈≈≈.<..
####...#......#
#.≈≈≈≈≈≈...
#...........##..≈≈≈≈≈≈..
....###......####.≈≈≈≈....
...... .......# ##.≈≈.#.##
..P## ##......# ##≈######
### #......# ## #
#......P# # #......##
######


You could see an electric eel.

Vanquished Creatures
  A spiny frog (Lair:1)
  A komodo dragon (Lair:1)
  A hippogriff (D:8)
  A hungry ghost (D:7)
  3 water moccasins
  2 sky beasts (D:8)
  An ice beast (D:8)
  A phantom (D:8)
  A black bear (D:6)
  A necrophage (D:7)
  3 ogres
  A centaur (D:7)
  2 crocodiles (Lair:1)
  A big kobold (D:8)
  4 bullfrogs
  2 gnoll sergeants
  4 killer bees (D:8)
  2 howler monkeys
  An electric eel (Lair:1)
  2 crimson imps
  3 bullfrog zombies
  A centaur zombie (D:7)
  2 hounds
  3 jellies
  3 orc wizards
  4 bullfrog skeletons
  Terence (D:3)
  3 iguanas
  3 worker ants
  A killer bee zombie (D:5)
  8 mummies (Ossuary)
  A worker ant zombie (D:5)
  17 gnolls
  7 adders
  A shadow imp (D:5)
  An ooze (D:2)
  2 adder skeletons
  3 adder zombies
  2 worms (D:3)
  A dart slug (D:1)
  4 leopard geckos
  16 orcs
  6 giant cockroaches
  A gnoll zombie (Ossuary)
  9 goblins
  5 hobgoblins
  8 jackals
  3 quokkas
  A ball python (D:7)
  A ball python skeleton (D:6)
  6 bats
  8 frilled lizards
  3 hobgoblin zombies (Ossuary)
  4 kobolds
  A kobold zombie (Ossuary)
  A leopard gecko zombie (D:6)
  3 orc zombies (Ossuary)
  A quokka skeleton (D:4)
  A quokka zombie (D:6)
  4 rats
188 creatures vanquished.

Vanquished Creatures (others)
  A komodo dragon (Lair:1)
  A troll (D:7)
  A black bear (D:8)
  An electric eel (Lair:1)
4 creatures vanquished.

Grand Total: 192 creatures vanquished

Notes
Turn   | Place    | Note
-------+----------+-------------------------------------------
     0 | Abyss:1  | Curus the Merfolk Abyssal Knight began the quest for the
                  | Orb.
     0 | Abyss:1  | Reached XP level 1. HP: 18/18 MP: 2/2
    59 | Abyss:1  | Found a corrupted altar of Lugonu.
    74 | D:1      | Escaped the Abyss
   739 | D:1      | Reached * piety under Lugonu
   739 | D:1      | Reached XP level 2. HP: 22/24 MP: 3/3
   905 | D:1      | Reached skill level 4 in Polearms
  1205 | D:2      | Reached XP level 3. HP: 23/29 MP: 5/5
  1224 | D:2      | Found a faded altar of an unknown god.
  1236 | D:2      | Found a deep blue altar of Sif Muna.
  1473 | D:2      | Reached XP level 4. HP: 19/35 MP: 6/6
  1717 | D:2      | Found a bloodstained altar of Trog.
  2028 | D:3      | Reached skill level 5 in Polearms
  2035 | D:3      | Noticed Terence
  2050 | D:3      | Killed Terence
  2458 | D:3      | Reached XP level 5. HP: 39/41 MP: 6/8
  2478 | D:3      | Reached ** piety under Lugonu
  2592 | D:3      | Noticed an ogre
  2622 | D:3      | Killed an ogre
  2622 | D:3      | Reached skill level 6 in Polearms
  2622 | D:3      | Reached XP level 6. HP: 46/47 MP: 9/9
  2660 | D:3      | Found a sacrificial altar of Ru.
  2684 | D:3      | Reached skill level 5 in Invocations
  3266 | D:4      | Found a sand-covered staircase.
  3278 | Ossuary  | Entered an ossuary
  3289 | Ossuary  | Reached skill level 7 in Polearms
  3667 | Ossuary  | Gained mutation: You are partially covered in icy blue
                  | scales. (AC +2) [potion of mutation]
  3667 | Ossuary  | Gained mutation: You expend magic power (3 MP) to
                  | strengthen your wands. [potion of mutation]
  3667 | Ossuary  | Gained mutation: You are partially covered in rugged brown
                  | scales. (AC +1, +3% HP) [potion of mutation]
  3667 | Ossuary  | Gained mutation: Your flesh is heat resistant. (rF+)
                  | [potion of mutation]
  4014 | D:4      | Reached XP level 7. HP: 47/53 MP: 11/11
  4585 | D:5      | Entered Level 5 of the Dungeon
  4603 | D:5      | Reached skill level 8 in Polearms
  4835 | D:5      | Reached skill level 9 in Polearms
  4953 | D:5      | Reached *** piety under Lugonu
  5316 | D:6      | Reached XP level 8. HP: 59/59 MP: 13/13
  5326 | D:6      | Found a staircase to the Ecumenical Temple.
  5409 | D:6      | Reached skill level 10 in Polearms
  6450 | D:7      | Found a white marble altar of Elyvilon.
  6465 | D:7      | Noticed a troll
  6475 | D:7      | Banished a troll
  6475 | D:7      | Reached skill level 11 in Polearms
  6484 | D:7      | Reached XP level 9. HP: 25/65 MP: 11/15
  7106 | D:7      | Reached skill level 12 in Polearms
  7286 | D:8      | Reached **** piety under Lugonu
  7292 | D:8      | Found a shadowy altar of Dithmenos.
  7325 | D:8      | Reached skill level 10 in Invocations
  7379 | D:8      | Reached skill level 13 in Polearms
  7449 | D:8      | HP: 3/65 [poisoned by a killer bee]
  7454 | D:8      | HP: 1/65 [poisoned by a killer bee]
  7460 | D:8      | HP: 1/65 [poisoned by a killer bee]
  8167 | D:8      | Found a staircase to the Lair.
  8177 | Lair:1   | Entered Level 1 of the Lair of Beasts
  8184 | Lair:1   | Reached XP level 10. HP: 55/72 MP: 17/17
  8452 | Lair:1   | Reached skill level 5 in Dodging
  8679 | Lair:1   | Reached skill level 5 in Fighting
  8700 | Lair:1   | Noticed a spiny frog
  8719 | Lair:1   | Killed a spiny frog
  8831 | Lair:1   | Killed from afar by an electric eel

Skill      XL: |  1  2  3  4  5  6  7  8  9 10 |
---------------+-------------------------------+-----
Polearms       | 4 5 6 7 9 11 13 | 13.7
Invocations    | 3 4 5 7 8 10 | 10.4
Dodging        | 6 |  6.0
Fighting       | 5 |  5.6
Armour         | |  0.6

Action                   |  1- 3 |  4- 6 |  7- 9 | 10-12 || total
-------------------------+-------+-------+-------+-------++-------
Melee: Spear             |   124 |   233 |   181 |       ||   538
       Trident           |       |       |   349 |    68 ||   417
       Tailslap          |       |       |       |     3 ||     3
Invok: Depart the Abyss  |     1 |       |       |       ||     1
       Banish            |       |       |     2 |     2 ||     4
Evoke: Wand              |       |     2 |       |       ||     2
  Use: Scroll            |     6 |     3 |     6 |       ||    15
       Potion            |     4 |     8 |     4 |     2 ||    18
 Stab: Sleeping          |     7 |     1 |     4 |       ||    12
  Eat: Chunk             |     2 |     5 |     7 |       ||    14
       Ration            |       |     1 |     4 |     1 ||     6
Armor: Leather armour    |     9 |    17 |   116 |     6 ||   148
Dodge: Dodged            |    63 |    64 |   177 |    25 ||   329
Block: Other             |       |       |    58 |     7 ||    65
       Reflection        |       |       |     1 |       ||     1
